 Dungeon Crawl Stone Soup version 0.26-a0-935-g3624241d3c (webtiles) character file.

Game seed: 12785092027966969563

612 reriks the Covered (level 7, 0/44 HPs)
             Began as a Gargoyle Fighter on Nov 26, 2020.
             Was an Initiate of Makhleb.
             Slain by an orc priest
             ... wielding a +0 hand axe
              (1 damage)
             ... on level 5 of the Dungeon.
             The game lasted 00:03:10 (3948 turns).

reriks the Covered (Gargoyle Fighter)               Turns: 3948, Time: 00:03:11

Health: 0/44       AC: 17    Str: 22    XL:     7   Next: 44%
Magic:  7/7        EV:  7    Int:  8    God:    Makhleb [......]
Gold:   233        SH: 16    Dex:  9    Spells: 6/6 levels left

rFire    . . .     SeeInvis .   a - +0 war axe
rCold    . . .     Faith    .   y - +1 tower shield
rNeg     + . .     Spirit   .   b - +0 scale mail
rPois    ∞         Reflect  .   u - +0 hat
rElec    +         Harm     .   n - +0 cloak
rCorr    .         Rampage  .   j - +2 pair of gloves
MR       .....                  r - +0 pair of boots
Stlth    ..........             (no amulet)
HPRegen  0.14/turn              (no ring)
MPRegen  0.10/turn              (no ring)

@: no status effects
A: negative energy resistance 1, electricity resistance, unbreathing,
petrification resistance, rot immunity, AC +4
a: Renounce Religion


You were on level 5 of the Dungeon.
You worshipped Makhleb.
Makhleb was noncommittal.
You visited 2 branches of the dungeon, and saw 6 of its levels.

You collected 233 gold pieces.

Inventory:

Hand Weapons
 a - a +0 war axe (weapon)
Armour
 b - a +0 scale mail (worn)
 c - a +0 kite shield
 j - a +2 pair of gloves (worn)
 n - a +0 cloak (worn)
 r - a +0 pair of boots (worn)
 u - a +0 hat (worn)
 y - a +1 tower shield (worn)
Wands
 v - a wand of polymorph (8) (quivered)
Scrolls
 f - a scroll of blinking
 g - 9 scrolls of identify
 i - a scroll of remove curse
 m - 2 scrolls of teleportation
Potions
 d - 2 potions of might
 e - a potion of ambrosia {unknown}
 h - a potion of invisibility {unknown}
 k - a potion of brilliance {unknown}
 l - 2 potions of heal wounds {unknown}
 s - a potion of berserk rage {unknown}
 t - 2 potions of curing {unknown}
 w - a potion of haste {unknown}


   Skills:
 + Level 5.0 Fighting
 + Level 3.4 Axes
 + Level 5.1 Armour
 + Level 2.5 Dodging
 + Level 5.0 Shields


You had 6 spell levels left.
You didn't know any spells.
Your spell library was empty.

Dungeon Overview and Level Annotations

Branches:
Dungeon (5/15)             Temple (1/1) D:4

Altars:
Ashenzari
Dithmenos
Fedhas
Gozag
Hepliaklqana
Kikubaaqudgha
Makhleb
Nemelex Xobeh
Okawaru
Qazlal
Ru
Sif Muna
Trog
Uskayaw
Vehumet
Wu Jian
Xom
Yredelemnul
Zin


Innate Abilities, Weirdness & Mutations

You are resistant to torment.
Your stone body is resilient. (AC +4)
You are immune to poison.
You resist negative energy. (rN+)
You are resistant to electric shocks. (rElec)
You can survive without breathing.
You are immune to petrification.
You are immune to rotting.


Message History

You are too injured to fight recklessly!
You are too injured to fight recklessly!
You are too injured to fight recklessly!
You are too injured to fight recklessly!
You are too injured to fight recklessly!
You are too injured to fight recklessly!
You are too injured to fight recklessly!
You are too injured to fight recklessly!
You are too injured to fight recklessly!
You closely miss the orc priest.
The orc priest is almost dead.
The orc priest invokes the aid of Beogh against you.
Pain shoots through your body!
You closely miss the orc priest.
The orc priest is almost dead.
The orc priest invokes the aid of Beogh against you.
Beogh smites you!
* * * LOW HITPOINT WARNING * * *
The orc priest hits you with a +0 hand axe.
You die...

#### #.... #
#.... #.#...#
#.#...# ......
####.#.#####.#
#
#.......@oo..#
...##.#.#######
#.#.##.#.#
#......#.#
#....# ##...#
......#
.).).#..#
#.._..##.#


You could see 2 orc priests.

Vanquished Creatures
  Sigmund (D:2)
  An ice beast (D:4)
  A scorpion (D:4)
  A bullfrog skeleton (D:4)
  3 worker ants
  6 adders
  3 gnolls (D:2)
  2 adder skeletons (D:4)
  7 worms
  4 dart slugs
  3 leopard geckos
  7 orcs
  3 ball pythons
  8 giant cockroaches
  10 goblins
  5 hobgoblins
  2 jackals (D:2)
  3 quokkas
  3 bats (D:3)
  5 frilled lizards
  A jackal skeleton (D:4)
  5 kobolds
  A quokka skeleton (D:4)
  8 rats
93 creatures vanquished.

Vanquished Creatures (others)
  A plant (D:2)
1 creature vanquished.

Grand Total: 94 creatures vanquished

Notes
Turn   | Place    | Note
-------+----------+-------------------------------------------
     0 | D:1      | reriks the Gargoyle Fighter began the quest for the Orb.
     0 | D:1      | Reached XP level 1. HP: 14/14 MP: 1/1
   239 | D:1      | Reached XP level 2. HP: 15/19 MP: 2/2
   728 | D:2      | Reached XP level 3. HP: 16/23 MP: 3/3
   936 | D:2      | Noticed Sigmund
   992 | D:2      | Killed Sigmund
   993 | D:2      | Reached skill level 1 in Dodging
   993 | D:2      | Reached XP level 4. HP: 10/29 MP: 4/4
   993 | D:2      | Reached XP level 5. HP: 12/33 MP: 5/5
  1413 | D:2      | Reached XP level 6. HP: 35/39 MP: 6/6
  1811 | D:3      | Found a faded altar of an unknown god.
  2006 | D:3      | Found a radiant altar of Vehumet.
  2550 | D:3      | Found an ancient bone altar of Kikubaaqudgha.
  2894 | D:4      | Noticed an ice beast
  2907 | D:4      | Killed an ice beast
  2908 | D:4      | Reached XP level 7. HP: 16/44 MP: 7/7
  3167 | D:4      | Reached skill level 5 in Armour
  3282 | D:4      | Reached skill level 5 in Shields
  3405 | D:4      | Reached skill level 5 in Fighting
  3608 | D:4      | Found a staircase to the Ecumenical Temple.
  3637 | Temple   | Entered the Ecumenical Temple
  3766 | Temple   | Became a worshipper of Makhleb the Destroyer
  3936 | D:5      | Entered Level 5 of the Dungeon
  3936 | D:5      | Found an iron altar of Okawaru.
  3948 | D:5      | HP: 1/44 [orc priest/divine providence (13)]
  3948 | D:5      | Slain by an orc priest

Illustrated notes

Levels and vault maps discovered:
D:1:      dpeg_arrival_windows_large_door, layout_basic, hex_medium
D:2:      cheibrodos_old_hovel, layout_basic, minmay_fountain_box, uniq_sigmund
D:3:      layout_basic, vehumet_crystals, old_standard_altar,
          chequers_ecumenical_altar_simple_redux
D:4:      layout_rooms, minmay_temple_entry_statues_fountains,
          kennysheep_minor_cross
D:5:      layout_loops_cross, okawaru_ov_weapons_minmay, serial_shops,
          shop_fountains
Temple:   nicolae_temple_elliptical

Skill      XL: |  1  2  3  4  5  6  7 |
---------------+----------------------+-----
Axes           | 2 3 |  3.4
Fighting       | 4 5 |  5.0
Armour         | 4 5 |  5.1
Dodging        | 1 2 |  2.5
Shields        | 4 5 |  5.0

Action                   |  1- 3 |  4- 6 |  7- 9 || total
-------------------------+-------+-------+-------++-------
Melee: War axe           |    93 |   234 |    58 ||   385
  Use: Scroll            |       |     7 |     4 ||    11
 Stab: Distracted        |     1 |       |       ||     1
Armor: Scale mail        |    46 |   124 |    29 ||   199
Dodge: Dodged            |    26 |    76 |    17 ||   119
Block: Kite shield       |    50 |   131 |    22 ||   203
       Tower shield      |       |       |     4 ||     4

Table legend: (Time is in decaauts)
 A = Elapsed time spent in this place.
 B = Non-inter-level travel time spent in this place.
 C = Inter-level travel time spent in this place.
 D = Time resting spent in this place.
 E = Time spent auto-exploring this place.
 F = Levels seen in this place.
 G = Mean time per level.
                   A        B        C        D        E       F      G
               +--------+--------+--------+--------+--------+-----+--------+
         Total |   4111 |   4005 |    106 |    360 |   2719 |   6 |  685.2 |
       Dungeon |   3963 |   3874 |     89 |    360 |   2600 |   5 |  792.6 |
        Temple |    147 |    130 |     17 |      0 |    119 |   1 |  147.0 |
               +--------+--------+--------+--------+--------+-----+--------+

Top non-repeatable levels by time:
     D:2: 1174 daAuts
     D:3: 1092 daAuts
     D:4: 969 daAuts
     D:1: 712 daAuts
  Temple: 147 daAuts
     D:5: 15 daAuts
